 Dungeon Crawl Stone Soup version 0.22-a0-322-g60b3cfd (webtiles) character file.

401 xccam the Covered (level 6, 0/51 HPs)
             Began as a Gnoll Wanderer on Apr 4, 2018.
             Slain by a phantom (4 damage)
             ... on level 3 of the Dungeon.
             The game lasted 00:06:36 (2240 turns).

xccam the Covered (Gnoll Wanderer)                  Turns: 2240, Time: 00:06:37

Health: 0/51       AC: 13    Str: 16    XL:     6   Next: 85%
Magic:  9/9        EV: 11    Int: 16    God:
Gold:   178        SH:  0    Dex: 13    Spells: 9/9 levels left

rFire    + . .     SeeInvis .   o - +0 flail
rCold    . . .     Gourm    .   (no shield)
rNeg     . . .     Faith    .   i - +2 ring mail {rF+}
rPois    .         Spirit   .   q - +2 helmet
rElec    .         Reflect  .   g - +0 cloak
rCorr    .         Harm     .   (no gloves)
MR       .....                  (no boots)
Stlth    ++........             (no amulet)
HPRegen  0.17/turn              (no ring)
MPRegen  0.11/turn              t - ring of wizardry

@: very slightly contaminated, slowed, invisible, very slow
A: distributed training, fangs 1, strong nose
a: no special abilities


You were on level 3 of the Dungeon.
You were not hungry.

You visited 1 branch of the dungeon, and saw 4 of its levels.

You collected 178 gold pieces.

Inventory:

Hand Weapons
 a - a +2 shortbow
 o - a +0 flail (weapon)
Missiles
 b - 65 arrows
Armour
 g - a +0 cloak (worn)
 i - a +2 ring mail of fire resistance (worn)
 q - a +2 helmet (worn)
Jewellery
 t - a ring of wizardry (right hand)
Scrolls
 c - 3 scrolls of teleportation
 d - a scroll of blinking {unknown}
 h - 4 scrolls of identify
 k - 6 scrolls of remove curse
 m - 2 scrolls of enchant weapon {unknown}
 p - 2 scrolls of fear {unknown}
 r - 3 scrolls of amnesia {unknown}
Potions
 n - a potion of brilliance
Comestibles
 f - 5 rations


   Skills:
 + Level 5.0 Fighting
 + Level 2.1 Short Blades
 + Level 2.1 Long Blades
 + Level 2.1 Axes
 + Level 5.0 Maces & Flails
 + Level 2.1 Polearms
 + Level 2.1 Staves
 + Level 2.1 Slings
 + Level 3.3 Bows
 + Level 2.1 Crossbows
 + Level 2.1 Throwing
 + Level 6.9 Armour
 + Level 2.1 Dodging
 + Level 3.2 Stealth
 + Level 2.1 Shields
 + Level 2.1 Unarmed Combat
 + Level 2.1 Spellcasting
 + Level 1.6 Conjurations
 + Level 1.6 Hexes
 + Level 1.6 Charms
 + Level 1.6 Summonings
 + Level 1.6 Necromancy
 + Level 1.6 Translocations
 + Level 1.6 Transmutations
 + Level 1.6 Fire Magic
 + Level 1.6 Ice Magic
 + Level 1.6 Air Magic
 + Level 1.6 Earth Magic
 + Level 1.6 Poison Magic
 + Level 2.3 Invocations
 + Level 3.3 Evocations


You had 9 spell levels left.
You didn't know any spells.

Dungeon Overview and Level Annotations

Branches:
Dungeon (4/15)
 Temple: D:4-7

Altars:
Kikubaaqudgha

Annotations:
D:3 Natasha
D:4 xccam's ghost, amateur GnWn


Innate Abilities, Weirdness & Mutations

Your experience applies equally to all skills.
You have very sharp teeth.
Your uncanny sense of smell can sniff out nearby items.


Message History

The phantom hits you but does no damage.
Natasha claws you but does no damage. The shadow imp barely misses you.
You miss Natasha.
Natasha is almost dead.
The phantom hits you but does no damage.
Natasha claws you but does no damage.
The shadow imp hits you but does no damage.
The phantom barely misses you. Natasha closely misses you.
You closely miss Natasha.
Natasha is almost dead.
The shadow imp barely misses you. The phantom hits you.
* * * LOW HITPOINT WARNING * * *
Natasha claws you but does no damage. The shadow imp closely misses you.
The phantom hits you but does no damage.
Natasha misses you.
Your ring mail prevents you from hitting Natasha.
Natasha is almost dead.
The shadow imp disappears in a puff of smoke!
The phantom hits you.
You die...

............# ##### #####....
..#.[.......# #...# ####........
..#.†.......# #...####.....##..†.
............###...#......####....
...>................###.## #...#
###.......†####..÷#####.# #..##
#..........##...##))..#####..#
###...........#W..#..#####.....#
..#............§@...## ##..####
#......=...<...h>....# ##...#
###..........#......####..#.#
##.......(....#..## #.....#
##.....##....#...###.#.###
#####.######.........##...#
#.....# ###.......#.....##
...#######.......#......##
.#...........#...#......##


You could see a phantom and Natasha.

Vanquished Creatures
  A vampire bat (D:2)
  A crimson imp (D:3)
  A gnoll shaman (D:3)
  An orc priest (D:3)
  2 orc wizards
  Natasha (twice) (D:3)
  4 gnolls (D:3)
  4 adders
  An ooze (D:3)
  4 worms
  A leopard gecko (D:2)
  11 orcs
  5 bat skeletons (D:2)
  6 giant cockroaches
  3 goblins
  4 hobgoblins
  2 jackals (D:2)
  4 kobolds
  2 quokkas (D:3)
  A ball python (D:2)
  8 bats
  6 frilled lizards
  2 rats (D:3)
76 creatures vanquished.

Notes
Turn   | Place    | Note
-------+----------+-------------------------------------------
     0 | D:1      | xccam the Gnoll Wanderer began the quest for the Orb.
     0 | D:1      | xccam set off with: a +2 shortbow, 22 arrows, a scroll of teleportation, a +0 mace, a +0 robe, a ration
     0 | D:1      | Reached XP level 1. HP: 20/20 MP: 2/2
   388 | D:1      | Reached XP level 2. HP: 22/26 MP: 3/3
   736 | D:2      | Reached XP level 3. HP: 31/31 MP: 4/4
   998 | D:2      | Reached skill level 1 in Invocations
  1059 | D:2      | Reached skill level 1 in Short Blades
  1059 | D:2      | Reached skill level 1 in Long Blades
  1059 | D:2      | Reached skill level 1 in Axes
  1059 | D:2      | Reached skill level 1 in Polearms
  1059 | D:2      | Reached skill level 1 in Staves
  1059 | D:2      | Reached skill level 1 in Slings
  1059 | D:2      | Reached skill level 1 in Crossbows
  1059 | D:2      | Reached skill level 1 in Throwing
  1059 | D:2      | Reached skill level 1 in Dodging
  1059 | D:2      | Reached skill level 1 in Shields
  1059 | D:2      | Reached skill level 1 in Unarmed Combat
  1059 | D:2      | Reached skill level 1 in Spellcasting
  1059 | D:2      | Reached XP level 4. HP: 24/38 MP: 4/6
  1353 | D:2      | Found an ancient bone altar of Kikubaaqudgha.
  1366 | D:2      | Reached skill level 1 in Conjurations
  1366 | D:2      | Reached skill level 1 in Hexes
  1366 | D:2      | Reached skill level 1 in Charms
  1366 | D:2      | Reached skill level 1 in Summonings
  1366 | D:2      | Reached skill level 1 in Necromancy
  1366 | D:2      | Reached skill level 1 in Translocations
  1366 | D:2      | Reached skill level 1 in Transmutations
  1366 | D:2      | Reached skill level 1 in Fire Magic
  1366 | D:2      | Reached skill level 1 in Ice Magic
  1366 | D:2      | Reached skill level 1 in Air Magic
  1366 | D:2      | Reached skill level 1 in Earth Magic
  1366 | D:2      | Reached skill level 1 in Poison Magic
  1366 | D:2      | Reached XP level 5. HP: 43/43 MP: 7/7
  1776 | D:3      | Reached XP level 6. HP: 49/50 MP: 8/8
  1994 | D:3      | Noticed Natasha
  2004 | D:3      | Killed Natasha
  2004 | D:3      | Reached skill level 5 in Fighting
  2004 | D:3      | Reached skill level 5 in Maces & Flails
  2027 | D:3      | Noticed Natasha
  2032 | D:3      | Killed Natasha
  2151 | D:4      | Noticed xccam's ghost (amateur GnWn)
  2159 | D:4      | Noticed a phantom
  2211 | D:3      | Noticed Natasha
  2240 | D:3      | Slain by a phantom

Vault maps used:
D:1:      lemuel_arrival_behind_the_door_small, minivault_5, minmay_misc_feat_x
D:2:      kennysheep_vampire_church, first_ration
D:3:      uniq_natasha
D:4:      marbit_many_paths

Skill      XL: |  1  2  3  4  5  6 |
---------------+-------------------+-----
Invocations    | 1 2 |  2.3
Short Blades   | 1 2 |  2.1
Long Blades    | 1 2 |  2.1
Axes           | 1 2 |  2.1
Polearms       | 1 2 |  2.1
Staves         | 1 2 |  2.1
Slings         | 1 2 |  2.1
Crossbows      | 1 2 |  2.1
Throwing       | 1 2 |  2.1
Dodging        | 1 2 |  2.1
Shields        | 1 2 |  2.1
Unarmed Combat | 1 2 |  2.1
Spellcasting   | 1 2 |  2.1
Conjurations   | 1 |  1.6
Hexes          | 1 |  1.6
Charms         | 1 |  1.6
Summonings     | 1 |  1.6
Necromancy     | 1 |  1.6
Translocations | 1 |  1.6
Transmutations | 1 |  1.6
Fire Magic     | 1 |  1.6
Ice Magic      | 1 |  1.6
Air Magic      | 1 |  1.6
Earth Magic    | 1 |  1.6
Poison Magic   | 1 |  1.6
Bows           | 3 |  3.3
Evocations     | 3 |  3.3
Stealth        | 3 |  3.2
Fighting       | 5 |  5.0
Maces & Flails | 5 |  5.0
Armour         | |  6.9

Action                   |  1- 3 |  4- 6 || total
-------------------------+-------+-------++-------
Melee: Mace              |    88 |    51 ||   139
       Bite              |     6 |    24 ||    30
       Flail             |       |   203 ||   203
 Fire: Shortbow          |       |     1 ||     1
  Use: Potion            |     5 |     3 ||     8
       Scroll            |       |     2 ||     2
  Eat: Chunk             |       |     5 ||     5
Armor: Ring mail         |    54 |   125 ||   179
       Skin              |    14 |    58 ||    72
Dodge: Dodged            |    59 |   159 ||   218

Table legend:
 A = Spawn XP
 B = Non-spawn XP
 C = Spawn XP percentage of total XP
 D = Spawn monster count
 E = Non-spawn monster count
 F = Spawn count percentage of total count
 G = Total turns spent on level
                    A         B        C        D         E        F      G
               +---------+---------+-------+---------+---------+-------+---------
         Total |       0 |     574 |   0.0 |       0 |      76 |   0.0 |  2240
               +---------+---------+-------+---------+---------+-------+---------
           D:1 |       0 |      20 |   0.0 |       0 |      11 |   0.0 |   669
           D:2 |       0 |     154 |   0.0 |       0 |      26 |   0.0 |   751
           D:3 |       0 |     399 |   0.0 |       0 |      38 |   0.0 |   788
           D:4 |       0 |       1 |   0.0 |       0 |       1 |   0.0 |    32
               +---------+---------+-------+---------+---------+-------+---------
